 Dungeon Crawl Stone Soup version 0.24.0 (webtiles) character file.

Game seed: 7297389203262459884, levelgen mode: deterministic

993 Buxparty the Covert (level 7, 0/32 HPs)
             Began as a Spriggan Enchanter on Jan 26, 2020.
             Was an Initiate of Dithmenos.
             Shot with an arrow by a centaur (6 damage)
             ... on level 5 of the Dungeon on Jan 27, 2020.
             The game lasted 00:23:10 (7352 turns).

Buxparty the Covert (Spriggan Enchanter)            Turns: 7352, Time: 00:23:11

Health: 0/32       AC:  2    Str:  4    XL:     7   Next: 98%
Magic:  17/17      EV: 21    Int: 19    God:    Dithmenos [......]
Gold:   380        SH:  0    Dex: 16    Spells: 9/18 levels left

rFire    . . .     SeeInvis +   f - +2 dagger (venom)
rCold    . . .     Gourm    .   (shield restricted)
rNeg     . . .     Faith    .   b - +0 robe
rPois    .         Spirit   .   (helmet restricted)
rElec    .         Reflect  .   (no cloak)
rCorr    .         Harm     .   (gloves unavailable)
MR       +....                  (boots unavailable)
Stlth    ++++......             (no amulet)
HPRegen  0.10/turn              (no ring)
MPRegen  0.15/turn              (no ring)

@: very quick
A: very small, unfitting armour, see invisible, herbivore, speed 3, slow
metabolism 2
a: Renounce Religion


You were on level 5 of the Dungeon.
You worshipped Dithmenos.
Dithmenos was noncommittal.
You were full.

You visited 2 branches of the dungeon, and saw 6 of its levels.

You collected 380 gold pieces.

Inventory:

Hand Weapons
 a - a +1 dagger
 e - a +2 dagger of draining
 f - a +2 dagger of venom (weapon)
Missiles
 t - 15 sling bullets
Armour
 b - a +0 robe (worn)
Scrolls
 c - a scroll of enchant weapon {unknown}
 h - 2 scrolls of fog {unknown}
 i - a scroll of blinking {unknown}
 j - a scroll of teleportation {unknown}
 k - 4 scrolls of identify {unknown}
 l - a scroll of immolation {unknown}
 n - a scroll of random uselessness {unknown}
 r - a scroll of fear {unknown}
 s - 2 scrolls of remove curse {unknown}
Potions
 g - 4 potions of curing {unknown}
 m - a potion of agility {unknown}
 o - a potion of heal wounds {unknown}
 p - a potion of magic {unknown}
 q - 2 potions of haste {unknown}
 u - a potion of brilliance {unknown}
Comestibles
 d - 2 rations


   Skills:
 + Level 4.0 Short Blades
 + Level 5.6 Dodging
 + Level 8.1 Stealth
 + Level 6.0 Spellcasting
 + Level 6.5 Hexes


You had 9 spell levels left.
You knew the following spells:

 Your Spells              Type           Power        Failure   Level  Hunger
a - Corona                Hex            ####...      1%          1    None
b - Ensorcelled Hibernat  Hex/Ice        ###...       4%          2    None
c - Confuse               Hex            ####....     2%          3    ##.....
d - Dazzling Spray        Conj/Hex       ###...       9%          3    ##.....

Your spell library contained the following spells:

 Spells                   Type           Power        Failure   Level  Hunger
 Tukima's Dance           Hex            ####....     2%          3    ##.....


Dungeon Overview and Level Annotations

Branches:
Dungeon (5/15)             Temple (1/1) D:5

Altars:
Ashenzari
Cheibriados
Dithmenos
Elyvilon
Hepliaklqana
Kikubaaqudgha
Nemelex Xobeh
Okawaru
Qazlal
Ru
Sif Muna
Uskayaw
Vehumet
Wu Jian
Xom
Yredelemnul
Zin


Innate Abilities, Weirdness & Mutations

You are very small and have problems with some larger weapons.
You are too small for most types of armour.
You have supernaturally acute eyesight. (SInv)
You are a herbivore.
You cover ground extremely quickly.
You need to consume almost no food.


Message History

Found a shimmering blue altar of Sif Muna.
Found an ancient bone altar of Kikubaaqudgha.
There is a shattered altar of Ashenzari here.
Done exploring.
You enter the shallow water.
Moving in this stuff is going to be slow.
There is a basalt altar of Yredelemnul here.
There is a staircase back to the Dungeon here.
You climb upwards.
Welcome back to the Dungeon!
The giant cockroach misses you.
The centaur shoots an arrow.
The arrow hits you! The orc completely misses you. The orc misses you.
The orc hits you with a +0 short sword. The giant cockroach closely misses you.
The orc barely misses you.
There is a staircase to the Ecumenical Temple, spattered with blood here.
You see here 2 arrows.
The orc closely misses you.
The centaur shoots an arrow.
The arrow hits you!
* * * LOW HITPOINT WARNING * * *
You see here an arrow.
Found a stone staircase leading down.
The centaur shoots an arrow.
The arrow hits you.
You die...

#...(...##...##..##....#
#.......##...##.###o...#
#...(.(.o..(.........o..
#.....(.os(>.............
#.........Z..........
#......o##...##......
#.......##oc.##......
#...................
#.......@...#.##...
#^............# ...
#.............# ..
########......# #...>..#
#......# #........
#.....###


You could see a centaur, 2 orcs and a giant cockroach.

Vanquished Creatures
  A water moccasin (D:5)
  2 ogres (D:4)
  A scorpion (D:4)
  A hound (D:4)
  An orc priest (D:4)
  2 worker ants
  Natasha (thrice) (D:3)
  Terence (D:3)
  4 orc wizards
  A hound skeleton (D:5)
  7 adders
  11 gnolls
  A shadow imp (D:5)
  3 oozes
  8 worms
  3 dart slugs
  7 leopard geckos
  10 orcs
  4 ball pythons
  8 bats
  5 giant cockroaches
  10 hobgoblins
  12 jackals
  9 frilled lizards
  8 goblins
  A jackal skeleton (D:4)
  14 kobolds
  3 rats
141 creatures vanquished.

Vanquished Creatures (others)
  5 toadstools (D:1)
5 creatures vanquished.

Grand Total: 146 creatures vanquished

Notes
Turn   | Place    | Note
-------+----------+-------------------------------------------
     0 | D:1      | Buxparty the Spriggan Enchanter began the quest for the
                  | Orb.
     0 | D:1      | Reached XP level 1. HP: 9/9 MP: 5/5
   390 | D:1      | Reached XP level 2. HP: 13/13 MP: 7/7
   394 | D:1      | Learned a level 2 spell: Ensorcelled Hibernation
   745 | D:1      | Reached skill level 5 in Stealth
  1561 | D:1      | Reached XP level 3. HP: 10/16 MP: 1/8
  2668 | D:2      | Reached XP level 4. HP: 21/21 MP: 10/10
  3238 | D:2      | Reached skill level 6 in Stealth
  3312 | D:2      | Reached XP level 5. HP: 24/24 MP: 1/12
  3610 | D:3      | Noticed Terence
  4161 | D:2      | Reached skill level 5 in Hexes
  4249 | D:3      | Killed Terence
  4440 | D:3      | Noticed Natasha
  4449 | D:3      | Killed Natasha
  4449 | D:3      | Reached XP level 6. HP: 22/28 MP: 8/14
  4539 | D:3      | Noticed Natasha
  4551 | D:3      | Killed Natasha
  4595 | D:3      | Learned a level 3 spell: Confuse
  4647 | D:3      | Noticed Natasha
  4655 | D:3      | Killed Natasha
  4934 | D:3      | Found an iron altar of Okawaru.
  5228 | D:4      | Reached skill level 7 in Stealth
  5228 | D:4      | Reached skill level 5 in Spellcasting
  5528 | D:4      | Reached XP level 7. HP: 32/32 MP: 15/15
  5855 | D:4      | Reached skill level 5 in Dodging
  6057 | D:4      | Learned a level 3 spell: Dazzling Spray
  6424 | D:5      | Entered Level 5 of the Dungeon
  6443 | D:5      | Found a white marble altar of Elyvilon.
  6466 | D:5      | Found a staircase to the Ecumenical Temple.
  6912 | D:5      | Reached skill level 8 in Stealth
  6992 | Temple   | Entered the Ecumenical Temple
  7254 | Temple   | Became a worshipper of Dithmenos the Shadowed
  7352 | D:5      | Shot with an arrow by a centaur

Levels and vault maps discovered:
D:1:      matt_arrival_diagonals, layout_basic, chequers_decorated_corner,
          minmay_gold_behind_fungi
D:2:      layout_loops_corners, minmay_crystal_room, minmay_misc_feat_square
D:3:      layout_rooms, okawaru_altar_gauntlet_db, first_ration, uniq_terence,
          uniq_natasha
D:4:      layout_basic, kennysheep_opposing_triangles
D:5:      layout_basic, kennysheep_little_box, minmay_temple_entry_stoned_glass,
          kennysheep_generic_room_6
Temple:   regret_index_temple_waves
